Map: Deathaura LE

Players

PasT - Winner!

  • Race: Zerg Zerg
  • League: Master
  • Spawn Location: 11:00

A.I. 2 (Elite)

  • Race: Terran Terran
  • Spawn Location: 5:00

VOD

Have the link to the VOD?

Description

Time

  • Played on: July 12, 2020, 4:31 p.m.
  • Length: 6:21
Show
View Real Time Build Order
Export as new Build Order

PasT Zerg - Winner!

Build Orders: Hatch First 

Get SALT Encoding   

  12  0:01  Drone  
  13  0:12  Overlord  
  13  0:16  Drone  
  14  0:30  Drone x2  
  14  0:34  Drone  
  17  0:52  Hatchery  
  17  0:55  Drone  
  17  0:58  Drone  
  18  1:09  Extractor  
  17  1:13  Spawning Pool  
  17  1:17  Drone  
  17  1:20  Drone  
  18  1:28  Drone  
  19  1:38  Overlord  
  19  1:49  Drone  
  20  2:00  Queen  
  20  2:01  Zergling x2  
  23  2:03  Queen  
  23  2:04  Zergling x2  
  26  2:09  Metabolic Boost  
  26  2:11  Zergling x2  
  26  2:15  Drone  
  28  2:24  Drone  
  28  2:26  Drone  
  30  2:35  Queen  
  32  2:39  Queen  
  32  2:41  Overlord  
  32  2:43  Overlord  
  34  3:00  Hatchery, Drone  
  34  3:04  Drone x2  
  36  3:06  Drone  
  36  3:09  Drone  
  36  3:12  Drone  
  39  3:15  Drone  
  39  3:18  Drone  
  41  3:20  Drone  
  41  3:23  Drone  
  41  3:25  Drone  
  44  3:27  Drone  
  44  3:31  Extractor  
  44  3:36  Roach Warren  
  43  3:52  Overlord  
  43  3:53  Overlord x2  
  43  4:20  Roach x11  
  43  4:21  Roach  
  67  4:35  Lair  
  67  4:36  Spore Crawler  
  66  4:38  Spore Crawler  
  66  4:44  Drone x2  
  66  4:45  Zergling x4  
  69  4:48  Zergling x2  
  69  4:50  Zergling x2  
  69  4:51  Spore Crawler  
  70  4:54  Zergling x2  
  71  5:03  Zergling x2  
  71  5:07  Overlord  
  71  5:13  Ravager x2  
  73  5:17  Ravager  
  74  5:21  Zergling x2  
  74  5:35  Zergling x2  
  63  5:36  Zergling x28  
  68  5:44  Zergling x6  
  69  5:56  Drone x3  
  70  6:01  Hydralisk Den  
  70  6:03  Zergling x2  
  71  6:04  Zergling x2  
Show
View Real Time Build Order
Export as new Build Order

A.I. 2 (Elite) Terran 

Build Orders:  

Get SALT Encoding   

  12  0:00  SCV  
  13  0:13  SCV  
  14  0:18  Supply Depot  
  14  0:25  SCV  
  15  0:28  Refinery  
  15  0:39  SCV  
  16  0:48  Barracks  
  16  0:51  SCV  
  17  1:03  SCV  
  18  1:15  SCV  
  19  1:36  Supply Depot, Orbital Command  
  19  1:38  Marine  
  20  1:40  Factory  
  20  1:49  Barracks  
  20  1:55  Marine  
  22  2:01  SCV  
  22  2:04  Refinery  
  22  2:13  SCV, Marine  
  24  2:19  Supply Depot  
  24  2:23  Factory Tech Lab  
  24  2:25  SCV  
  24  2:31  Marine  
  24  2:36  Marine  
  26  2:37  SCV  
  26  2:43  Siege Tank  
  30  2:49  Marine, SCV  
  32  2:53  Marine  
  33  3:01  Supply Depot, SCV  
  34  3:07  Marine  
  34  3:11  Marine  
  36  3:15  Siege Tank  
  39  3:23  SCV  
  39  3:25  Marine  
  41  3:29  Supply Depot, Marine  
  42  3:46  Barracks Tech Lab, Starport  
  42  3:47  Siege Tank  
  42  3:48  Barracks Tech Lab  
  45  3:57  SCV  
  46  4:15  SCV  
  47  4:21  Stimpack  
  47  4:22  Supply Depot  
  47  4:24  Medivac  
  49  4:44  Marauder  
  51  4:48  Marauder  
  51  4:50  Engineering Bay  
  53  4:54  Medivac  
  53  4:55  Command Center  
  55  5:05  Supply Depot, Marine  
  56  5:10  Marauder  
  57  5:23  Marauder  
  55  5:31  Marauder  
  36  5:44  Marine  
  36  5:47  SCV  
  34  5:52  Marine  
  33  5:57  Barracks  
  33  6:02  Starport Reactor  
  34  6:06  SCV  
Tags
 
League
Master
Matchup
TvZ
Spawn Locations
Cross Positions
Add a new tag
Caveats
  • Supply blocks, unpowered buildings, or Contaminate may cause inaccurate times.
  • Supply counts are checked every 10 seconds.